[Event "Team 45 45 League T61"]
[Site "Internet Chess Club"]
[Date "2014.06.28"]
[Round "5"]
[White "SaltofLife"]
[Black "primerpaso"]
[Result "1/2-1/2"]
[WhiteElo "1950"]
[BlackElo "1959"]
[Opening "Queen's pawn game, Darooha variation "]
[ECO "D02"]
[Time "14:08:23"]
[TimeControl "2700+45"]

1. d4 Nf6 2. Nf3 d5 3. c4 e6 4. cxd5 exd5 5. Nc3 Be7 6. Bg5 O-O 7. e3 c6 8. Qc2
h6 9. Bh4 Re8 10. Bd3 Ne4 11. Bxe7 Qxe7 12. Ne5 Nxc3 13. bxc3 Nd7 14. Nxd7 Bxd7
15. O-O c5 16. Rfc1 Rac8 17. Qb2 Rc7 18. Be2 Bf5 19. Bf3 Be4 20. Bxe4 Qxe4 21.
dxc5 Re6 22. Qb4 Rec6 23. Qxe4 dxe4 24. g4 Rxc5 25. Rab1 b5 26. Rd1 Rg5 27. h3
Rxc3 28. Rd8+ Kh7 29. Rd7 Ra3 30. Rb2 h5 31. Rxf7 hxg4 32. h4 Rg6 33. Rf4 g3 34.
Rxe4 gxf2+ 35. Kxf2 a6 36. Reb4 Rf6+ 37. Ke2 Kg6 38. R4b3 Rxb3 39. Rxb3 Kh5 40.
Rb4 Rc6 41. Kd3 Rg6 42. a4 Rd6+ 43. Ke4 Rg6 44. Kf3 Rf6+ 45. Kg3 Rg6+ {Game
drawn by mutual agreement} 1/2-1/2

[Event "Team 45 45 League T61"]
[Site "Internet Chess Club"]
[Date "2014.06.30"]
[Round "5"]
[White "Baseta"]
[Black "RubberDuck"]
[Result "1/2-1/2"]
[WhiteElo "1835"]
[BlackElo "1915"]
[Opening "Queen's pawn game"]
[ECO "D02"]
[Time "12:01:06"]
[TimeControl "2700+45"]

1. Nf3 d5 2. d4 e6 3. c4 Nf6 4. cxd5 exd5 5. Nc3 c6 6. Qc2 Bd6 7. Bg5 O-O 8. e3
Nbd7 9. Bd3 Qc7 10. O-O h6 11. Bh4 Re8 12. Rfc1 a6 13. Bf5 Qd8 14. Rab1 Nb6 15.
Bd3 Be6 16. b4 Qe7 17. Qb3 g5 18. Bg3 Nc4 19. Bxc4 dxc4 20. Qb2 b5 21. e4 Bxg3
22. hxg3 Bg4 23. e5 Nd5 24. Nxd5 cxd5 25. Re1 Bf5 26. Rbc1 a5 27. bxa5 Rxa5 28.
e6 Bxe6 29. Ne5 Qa3 30. Qd2 Rc8 31. f4 f6 32. Nxc4 Rxc4 33. Rxc4 bxc4 34. Rxe6
Qxa2 35. Qe3 Qb1+ 36. Kh2 Qg6 37. Re8+ Kg7 38. g4 Ra7 39. f5 Qf7 40. Re6 h5 41.
Kh3 h4 42. g3 Rb7 43. Kg2 hxg3 44. Qe1 Qc7 45. Re8 c3 46. Qe6 Qf7 47. Qxf7+ Kxf7
48. Rc8 Rb2+ 49. Kxg3 c2 50. Kf3 Rb4 51. Rxc2 Rxd4 52. Rc7+ Ke8 53. Rc6 Rf4+ 54.
Kg3 Ke7 55. Re6+ Kf7 56. Ra6 Re4 57. Rd6 d4 58. Rd7+ Re7 59. Rxd4 {Game drawn by
mutual agreement} 1/2-1/2

[Event "Team 45 45 League T61"]
[Site "Internet Chess Club"]
[Date "2014.07.02"]
[Round "5"]
[White "jonesey"]
[Black "Portola"]
[Result "1/2-1/2"]
[WhiteElo "1875"]
[BlackElo "1761"]
[Opening "Queen's pawn game, Darooha variation "]
[ECO "D02"]
[Time "19:17:18"]
[TimeControl "2700+45"]

1. d4 d5 2. Nf3 Nf6 3. c4 e6 4. e3 Be7 5. cxd5 exd5 6. Qc2 c6 7. Bd3 O-O 8. O-O
Nbd7 9. Nc3 Re8 10. Bd2 Nf8 11. Rfb1 a5 12. Ne2 Bg4 13. Ne5 Bd6 14. Nxg4 Nxg4
15. h3 Nf6 16. b4 axb4 17. Bxb4 Bxb4 18. Rxb4 Ra7 19. Rab1 Qa8 20. Nc3 h6 21.
Ra4 Ne6 22. Rxa7 Qxa7 23. Qa4 Ra8 24. Qxa7 Rxa7 25. Kf1 Kf8 26. Ke2 {Game drawn
by mutual agreement} 1/2-1/2

[Event "Team 45 45 League T61"]
[Site "Internet Chess Club"]
[Date "2014.06.30"]
[Round "5"]
[White "Heian"]
[Black "Salvatore"]
[Result "1-0"]
[WhiteElo "1843"]
[BlackElo "1596"]
[Opening "Sicilian: Hungarian variation"]
[ECO "B27"]
[Time "20:05:18"]
[TimeControl "2700+45"]

1. e4 c5 2. Nf3 g6 3. Bc4 e6 4. Bb3 Bg7 5. c3 Ne7 6. O-O O-O 7. d4 cxd4 8. cxd4
d5 9. e5 Nbc6 10. Nc3 Nf5 11. g4 Nfe7 12. h3 Qb6 13. Na4 Qa5 14. Bd2 Qc7 15. Nc3
a6 16. Rc1 Qb8 17. Ne2 Bd7 18. a3 Qa7 19. Be3 Rac8 20. Qd2 Rfe8 21. Rfd1 f5 22.
Bh6 fxg4 23. hxg4 Rf8 24. Kg2 Rf7 25. Bxg7 Kxg7 26. Rh1 Ng8 27. Ng5 h6 28. Nxf7
Kxf7 29. Qf4+ Ke7 30. Bc2 Rf8 31. Qe3 g5 32. Rxh6 Kd8 33. Qxg5+ Kc7 34. Rh7 Qb8
35. Bd3 Qc8 36. f4 Kb8 37. Qg7 Rd8 38. f5 Ka8 39. f6 Qb8 40. Rh8 Ka7 41. f7 Nce7
42. Bh7 {Black resigns} 1-0

[Event "Team 45 45 League T61"]
[Site "Internet Chess Club"]
[Date "2014.06.29"]
[Round "5"]
[White "TerryMalloy"]
[Black "ausya"]
[Result "1-0"]
[WhiteElo "1894"]
[BlackElo "1752"]
[Opening "Benkö gambit: Zaitsev system"]
[ECO "A57"]
[Time "12:00:46"]
[TimeControl "2700+45"]

1. d4 Nf6 2. c4 c5 3. d5 b5 4. cxb5 a6 5. Nc3 axb5 6. Nxb5 d6 7. g3 g6 8. Bg2
Bg7 9. Nf3 Nbd7 10. O-O O-O 11. h3 Nb6 12. Nc3 Bd7 13. e4 Qc8 14. Kh2 Ne8 15.
Bg5 f6 16. Bf4 Nc7 17. Qe2 Na4 18. Rab1 Rb8 19. Rfc1 g5 20. Bd2 h5 21. Ne1 g4
22. f4 Nxc3 23. Bxc3 gxh3 24. Bf3 Bg4 25. f5 Bxf3 26. Qxf3 Qe8 27. Nd3 Bh6 28.
Nf4 Bxf4 29. gxf4 Rf7 30. Qxh5 Rg7 31. Qxe8+ Rxe8 32. Rg1 Kf7 33. Rxg7+ Kxg7 34.
Rg1+ Kf7 35. Rg3 Rh8 36. Rxh3 Rg8 37. Rh7+ Ke8 38. b4 cxb4 39. Bxb4 Kd8 40. Ba5
Re8 41. e5 fxe5 42. fxe5 Kc8 43. Bxc7 Kxc7 44. e6 Kb6 45. Kg2 Kc5 46. f6 exf6
47. Rh5 Ra8 48. Kf3 Rxa2 49. Rf5 Ra7 50. Kg4 Kb6 51. Rxf6 Re7 52. Kg5 Kc7 53.
Rf7 Kd8 54. Kf6 Re8 55. Rd7+ Kc8 56. Rxd6 {Black resigns} 1-0

[Event "Team 45 45 League T61"]
[Site "Internet Chess Club"]
[Date "2014.07.01"]
[Round "5"]
[White "juniorVishy"]
[Black "cond"]
[Result "0-1"]
[WhiteElo "1791"]
[BlackElo "1977"]
[Opening "Bogo-Indian defense, Grünfeld variation"]
[ECO "E11"]
[Time "21:00:50"]
[TimeControl "2700+45"]

1. d4 Nf6 2. c4 e6 3. Nf3 Bb4+ 4. Nbd2 b6 5. a3 Bxd2+ 6. Bxd2 Bb7 7. Bg5 h6 8.
Bh4 d6 9. e3 Nbd7 10. Qc2 g5 11. Bg3 Ne4 12. Nd2 Nxg3 13. hxg3 f5 14. e4 Qf6 15.
d5 Nc5 16. O-O-O O-O-O 17. exf5 exf5 18. Bd3 Nxd3+ 19. Qxd3 c6 20. Nf3 cxd5 21.
cxd5 Kb8 22. Kb1 Rc8 23. Nd4 Rc5 24. Qxf5 Qxf5+ 25. Nxf5 Bxd5 26. Ne3 Be4+ 27.
Ka1 Kc7 28. f3 Bc2 29. Rc1 Bb3 30. g4 Kd7 31. Rc3 Bf7 32. Rxc5 bxc5 33. Nf5 Bg6
34. Rxh6 Rxh6 35. Nxh6 Ke6 36. b3 d5 37. Kb2 d4 38. Kc1 Bd3 39. Kd2 Bg6 40. g3
Ke5 41. Ng8 Bf7 42. Ne7 Bxb3 43. Nc6+ Kd5 44. Nxa7 c4 45. Nb5 Ba4 46. Nc7+ Kd6
47. Na8 Kc6 48. f4 c3+ 49. Kd3 Kb7 50. fxg5 Be8 51. Kxd4 c2 52. Ke5 c1=Q 53. Kf6
Qc3+ 54. Ke7 Bg6 55. Nb6 Kxb6 56. a4 Kc6 57. Ke6 Qd4 58. Ke7 Qd6# {White
checkmated} 0-1

[Event "Team 45 45 League T61"]
[Site "Internet Chess Club"]
[Date "2014.07.01"]
[Round "5"]
[White "az2112"]
[Black "divy7"]
[Result "1/2-1/2"]
[WhiteElo "1629"]
[BlackElo "1625"]
[Opening "Giuoco Piano"]
[ECO "C50"]
[Time "21:30:28"]
[TimeControl "2700+45"]

1. e4 e5 2. Nf3 Nc6 3. Bc4 Bc5 4. O-O Nf6 5. d3 O-O 6. Bg5 h6 7. Bh4 Na5 8. Nxe5
d6 9. Bxf7+ Rxf7 10. Nxf7 Kxf7 11. d4 Bb6 12. e5 dxe5 13. dxe5 Qxd1 14. Rxd1 Ng4
15. Nc3 Nxe5 16. Nd5 Be6 17. Nxb6 cxb6 18. Rd8 Rxd8 19. Bxd8 Nac6 20. Bc7 Ng6
21. Bd6 Nge7 22. c3 Nf5 23. Bf4 g5 24. Bd2 g4 25. Bf4 Nce7 26. Rd1 Nc6 27. a3 h5
28. Rd2 Nfe7 29. f3 Nd5 30. Bg3 gxf3 31. Rf2 Kg7 32. Rxf3 Na5 {Game drawn by
mutual agreement} 1/2-1/2

[Event "Team 45 45 League T61"]
[Site "Internet Chess Club"]
[Date "2014.06.26"]
[Round "5"]
[White "anna"]
[Black "KnightOfLight"]
[Result "1-0"]
[WhiteElo "1823"]
[BlackElo "1634"]
[Opening "Sicilian: Alapin's variation (2.c3)"]
[ECO "B22"]
[Time "13:30:32"]
[TimeControl "2700+45"]

1. e4 c5 2. c3 d5 3. exd5 Qxd5 4. d4 Nf6 5. Nf3 Bg4 6. Be2 Nc6 7. c4 Qh5 8. d5
Ne5 9. Nxe5 Qxe5 10. Nc3 O-O-O 11. O-O h5 12. f3 e6 13. fxg4 hxg4 14. Bf4 Qh5
15. Nb5 e5 16. Bg3 a6 17. Nc3 Kb8 18. Qc2 Bd6 19. Ne4 Qh7 20. Bd3 Nxe4 21. Bxe4
g6 22. Rf6 Rd7 23. Rxd6 Rxd6 24. Bxe5 Kc7 25. Bxh8 Qxh8 26. Rf1 f5 27. Bd3 Qd4+
28. Kh1 g3 29. h3 Rb6 30. b3 Rf6 31. Qe2 Kd7 32. Re1 f4 33. Qe8+ Kc7 34. Qe5+
Qxe5 35. Rxe5 f3 36. gxf3 Rxf3 37. Bxg6 Rf2 38. Rg5 Rh2+ 39. Kg1 Rxh3 40. Kg2
Rh2+ 41. Kxg3 Rxa2 42. Kf4 b5 43. Bd3 a5 44. Rg7+ Kd6 45. Rg6+ Ke7 46. d6+ Kd8
47. cxb5 a4 48. bxa4 Rxa4+ 49. Ke5 c4 50. Rg8+ Kd7 51. Bf5# {Black checkmated}
1-0

[Event "Team 45 45 League T61"]
[Site "Internet Chess Club"]
[Date "2014.06.30"]
[Round "5"]
[White "jt2000"]
[Black "chess09"]
[Result "1-0"]
[WhiteElo "1967"]
[BlackElo "1970"]
[Opening "Sicilian"]
[ECO "B56"]
[Time "19:00:37"]
[TimeControl "2700+45"]

1. e4 c5 2. Nf3 d6 3. d4 cxd4 4. Nxd4 Nf6 5. Nc3 Nc6 6. Be3 e5 7. Nf3 Be7 8. Bg5
Be6 9. Bxf6 gxf6 10. a3 f5 11. exf5 Bxf5 12. Bc4 Nd4 13. Nxd4 exd4 14. Nd5 Rg8
15. Qe2 Be6 16. O-O-O a6 17. f4 b5 18. Ba2 Rc8 19. Rhe1 Bxd5 20. Bxd5 Qc7 21.
Rd2 Kf8 22. Qh5 Rg7 23. Qf5 Qc5 24. Rde2 Rc7 25. h4 h6 26. g4 d3 27. Qxd3 Rxg4
28. Qf5 Rg7 29. Kb1 a5 30. Ka2 a4 31. Re6 Rg3 32. Rxh6 Bd8 33. Re8+ Kxe8 34.
Rh8+ Ke7 35. Qxf7# {Black checkmated} 1-0

[Event "Team 45 45 League T61"]
[Site "Internet Chess Club"]
[Date "2014.06.27"]
[Round "5"]
[White "Nathan-L"]
[Black "freakypawn"]
[Result "0-1"]
[WhiteElo "1818"]
[BlackElo "1759"]
[Opening "Réti opening"]
[ECO "A04"]
[Time "12:01:48"]
[TimeControl "2700+45"]

1. Nf3 e6 2. d4 d5 3. Bf4 Nf6 4. e3 Be7 5. Bd3 c5 6. O-O O-O 7. c4 Nc6 8. Nc3 a6
9. dxc5 dxc4 10. Bxc4 Bxc5 11. Qc2 b5 12. Rfd1 Qb6 13. Be2 Nb4 14. Qc1 Bb7 15.
a3 Nbd5 16. b4 Nxf4 17. bxc5 Nxe2+ 18. Nxe2 Qc7 19. Nfd4 Rfc8 20. a4 bxa4 21.
Rxa4 Qxc5 22. Qb2 Qd5 23. Nf4 Qd7 24. Rb4 Rab8 25. Rb1 e5 26. Nde2 exf4 27. Rxb7
Rxb7 28. Qxb7 Rc1+ {White resigns} 0-1

[Event "Team 45 45 League T61"]
[Site "Internet Chess Club"]
[Date "2014.06.29"]
[Round "5"]
[White "Shanghaied"]
[Black "tryanything"]
[Result "1-0"]
[WhiteElo "1879"]
[BlackElo "1613"]
[Opening "KGD: Falkbeer, 5.de"]
[ECO "C32"]
[Time "18:56:44"]
[TimeControl "2700+45"]

1. e4 e5 2. f4 d5 3. exd5 e4 4. d3 Nf6 5. dxe4 Nxe4 6. Nf3 Bc5 7. Qe2 O-O 8.
Qxe4 Re8 9. Ne5 f6 10. Bd3 g6 11. Nc3 Bf5 12. Qc4 Bxd3 13. cxd3 Nd7 14. Ne4 fxe5
15. Nxc5 exf4+ 16. Ne4 Qh4+ 17. Kd1 Qg4+ 18. Kc2 Qxg2+ 19. Bd2 Ne5 20. Nf6+ Kf8
21. Qxf4 {Black resigns} 1-0

[Event "Team 45 45 League T61"]
[Site "Internet Chess Club"]
[Date "2014.06.27"]
[Round "5"]
[White "NFork"]
[Black "f5"]
[Result "1-0"]
[WhiteElo "2174"]
[BlackElo "2118"]
[Opening "Sicilian: Alapin's variation (2.c3)"]
[ECO "B22"]
[Time "14:00:24"]
[TimeControl "2700+45"]

1. e4 c5 2. c3 Nf6 3. e5 Nd5 4. Nf3 Nc6 5. Bc4 Nb6 6. Bb3 d6 7. exd6 Qxd6 8. O-O
Bf5 9. d4 e6 10. Be3 cxd4 11. Nxd4 Nxd4 12. Bxd4 Bxb1 13. Rxb1 O-O-O 14. Qh5 Qc7
15. Rbd1 Nd5 16. Be5 Bd6 17. Bxd6 Rxd6 18. Bxd5 exd5 19. Qg4+ Kb8 20. Qxg7 Rhd8
21. Qxh7 Rg6 22. g3 Qd7 23. Qh5 Rgg8 24. Rd4 Rh8 25. Qg4 f5 26. Qf4+ Ka8 27.
Rfd1 Qf7 28. Qf3 {Black resigns} 1-0

[Event "Team 45 45 League T61"]
[Site "Internet Chess Club"]
[Date "2014.06.30"]
[Round "5"]
[White "primerpaso"]
[Black "SlimeDog2"]
[Result "0-1"]
[WhiteElo "1946"]
[BlackElo "2031"]
[Opening "English: symmetrical variation"]
[ECO "A38"]
[Time "21:08:50"]
[TimeControl "2700+45"]

1. c4 c5 2. Nc3 g6 3. g3 Bg7 4. Bg2 Nc6 5. Nf3 Nf6 6. d4 d5 7. dxc5 Qa5 8. Nd2
dxc4 9. Nxc4 Qxc5 10. Ne3 O-O 11. O-O Qh5 12. Ned5 Nxd5 13. Qxd5 e5 14. Bf3 Bg4
15. Bxg4 Qxg4 16. f3 Qh3 17. Be3 Rfd8 18. Qb3 Nd4 19. Bxd4 exd4 20. Ne4 Rd7 21.
Rac1 Rad8 22. Rc5 b6 23. Rc6 Qf5 24. Rd1 d3 25. Rxd3 Rxd3 26. exd3 Qxf3 27. Nf2
Bd4 28. Rc2 Re8 29. Qb4 Qd1+ 30. Kg2 Qxc2 31. Qxd4 h5 32. Kh3 Re2 33. Kg2 Qxb2
34. Qf4 Qxa2 {White resigns} 0-1

[Event "Team 45 45 League T61"]
[Site "Internet Chess Club"]
[Date "2014.06.26"]
[Round "5"]
[White "cysk"]
[Black "santiagoelawad"]
[Result "1-0"]
[WhiteElo "1817"]
[BlackElo "1956"]
[Opening "Caro-Kann: advance variation"]
[ECO "B12"]
[Time "20:11:08"]
[TimeControl "2700+45"]

1. e4 c6 2. d4 d5 3. e5 Bf5 4. h4 a6 5. Nc3 c5 6. dxc5 d4 7. g4 Bxg4 8. Qxg4
dxc3 9. e6 f6 10. b3 Nc6 11. Bg2 Qa5 12. Be3 O-O-O 13. a4 g6 14. Qc4 Ne5 15. Qe4
Qc7 16. Nf3 Nxf3+ 17. Qxf3 Bh6 18. Rd1 Rxd1+ 19. Kxd1 Bxe3 20. Qxe3 f5 21. Ke2
Nf6 22. Rd1 Qh2 23. Bf3 Qxh4 24. Qxc3 Qf4 25. c6 b6 26. Rd7 Rd8 27. Rxd8+ Kxd8
28. Qd3+ Kc7 29. Qxa6 Qe5+ 30. Kf1 Qc5 31. Qb7+ Kd6 32. Qb8+ Kxe6 33. c7 Ne4 34.
c8=Q+ {Black resigns} 1-0

[Event "Team 45 45 League T61"]
[Site "Internet Chess Club"]
[Date "2014.06.27"]
[Round "5"]
[White "Baseta"]
[Black "Portola"]
[Result "1-0"]
[WhiteElo "1831"]
[BlackElo "1773"]
[Opening "QGD: exchange, positional line"]
[ECO "D35"]
[Time "09:00:36"]
[TimeControl "2700+45"]

1. d4 d5 2. c4 e6 3. Nc3 Nf6 4. cxd5 exd5 5. Bg5 Be7 6. e3 c6 7. Qc2 O-O 8. Bd3
Nbd7 9. Nf3 Re8 10. O-O Nf8 11. Bxf6 Bxf6 12. b4 a6 13. a4 b6 14. Rfc1 Bb7 15.
Rab1 b5 16. a5 g6 17. Rd1 Ne6 18. Nd2 Qe7 19. Re1 Rad8 20. Nb3 Qf8 21. Ne2 Qg7
22. Nc5 Nxc5 23. Qxc5 Rd7 24. Qc2 Rde7 25. Rbd1 Qh8 26. h3 Qg7 27. Qd2 Bg5 28.
Qc3 Qh6 29. Nc1 Re6 30. Nb3 Be7 31. Nc5 Bxc5 32. Qxc5 Qg5 33. Kf1 Rf6 34. Qc1
Qh4 35. Qd2 Bc8 36. f4 g5 37. Qf2 Qxf2+ 38. Kxf2 gxf4 39. exf4 Rxe1 40. Rxe1 Re6
41. Rxe6 fxe6 42. Kg3 Kg7 43. Kh4 Bd7 44. g4 h6 45. g5 hxg5+ 46. Kxg5 Bc8 47. h4
Bd7 48. h5 Bc8 49. h6+ Kf8 50. Kf6 Kg8 51. Ke7 e5 52. fxe5 Bg4 53. Kd6 {Black
resigns} 1-0

[Event "Team 45 45 League T61"]
[Site "Internet Chess Club"]
[Date "2014.06.28"]
[Round "5"]
[White "fledermaus"]
[Black "chessfan"]
[Result "0-1"]
[WhiteElo "1911"]
[BlackElo "1930"]
[Opening "English opening"]
[ECO "A05"]
[Time "14:01:51"]
[TimeControl "2700+45"]

1. Nf3 Nf6 2. c4 g6 3. Nc3 d5 4. cxd5 Nxd5 5. Qa4+ c6 6. e4 Nxc3 7. dxc3 Bg7 8.
Be3 O-O 9. Rd1 Qc7 10. Be2 Nd7 11. O-O Nf6 12. h3 Bd7 13. Qc2 Rad8 14. c4 Nh5
15. Qc1 e5 16. Rfe1 Nf4 17. Bf1 c5 18. Kh2 f6 19. Nd2 Rfe8 20. Nb1 Ne6 21. Nc3
Nd4 22. Nd5 Qa5 23. Rd3 Ra8 24. a3 Ba4 25. Bxd4 cxd4 26. b3 Bc6 27. b4 Qd8 28.
Rb3 Rc8 29. Qd2 Bd7 30. Bd3 f5 31. Rb2 fxe4 32. Bxe4 Rxc4 33. Nf4 Rc3 34. Nd3 b5
35. Rc2 Rxa3 36. Rc5 Qb8 37. Rec1 Be6 38. Rc6 Bc4 39. Nc5 Ra2 40. Qg5 Rxf2 41.
Kg1 Rf7 42. Rxc4 bxc4 43. Bd5 c3 44. Ne6 Bf6 45. Qc1 Qxb4 46. Ng5 Bxg5 47. Qxg5
Qb1+ 48. Kh2 Qf5 49. Bxf7+ Kxf7 50. Rc7+ Kg8 {White resigns} 0-1

[Event "Team 45 45 League T61"]
[Site "Internet Chess Club"]
[Date "2014.06.26"]
[Round "5"]
[White "LiangLiang"]
[Black "SaltofLife"]
[Result "1-0"]
[WhiteElo "1880"]
[BlackElo "1950"]
[Opening "Sicilian: O'Kelly variation"]
[ECO "B28"]
[Time "14:14:47"]
[TimeControl "2700+45"]

1. e4 c5 2. Nf3 a6 3. d4 cxd4 4. Nxd4 Nf6 5. Nc3 e5 6. Nf3 Bb4 7. Qd3 Qc7 8. Bd2
b5 9. Nd5 Bxd2+ 10. Nxd2 Nxd5 11. exd5 d6 12. Be2 O-O 13. O-O Nd7 14. b4 Nb6 15.
Rac1 Bd7 16. c4 bxc4 17. Nxc4 Nxc4 18. Rxc4 Qb7 19. Rh4 f5 20. Qd2 Rac8 21. Rc4
f4 22. Rfc1 Rxc4 23. Bxc4 f3 24. Bf1 Rf4 25. a3 Rd4 26. Qg5 Qb6 27. Qe7 Rf4 28.
Qxd7 fxg2 29. Rc8+ Rf8 30. Qe6+ Kh8 31. Rxf8# {Black checkmated} 1-0

[Event "Team 45 45 League T61"]
[Site "Internet Chess Club"]
[Date "2014.06.27"]
[Round "5"]
[White "RubberDuck"]
[Black "DouDou"]
[Result "1-0"]
[WhiteElo "1920"]
[BlackElo "1838"]
[Opening "King's Indian defense"]
[ECO "E60"]
[Time "10:15:24"]
[TimeControl "2700+45"]

1. d4 Nf6 2. c4 g6 3. e3 Bg7 4. Be2 d5 5. Qb3 c6 6. Nf3 O-O 7. O-O Bf5 8. Qxb7
Nbd7 9. Qxc6 Rc8 10. Qb5 dxc4 11. Bxc4 Nb6 12. Bb3 Qc7 13. Bd2 Ne4 14. Nc3 Nxd2
15. Nxd2 e5 16. d5 Rfd8 17. e4 Bd7 18. Qd3 a6 19. Qxa6 Qc5 20. Qd3 Bf8 21. Rfc1
Qd6 22. Nc4 Nxc4 23. Bxc4 Qf6 24. Rc2 Bc5 25. a4 Ra8 26. a5 Bd4 27. b4 Rdb8 28.
b5 Qd6 29. a6 Qb4 30. Rac1 Rc8 31. Na2 Qd6 32. Qb3 Qb6 33. d6 Rf8 34. Bd5 Rab8
35. Rc7 Qxd6 36. Qb4 Qxb4 37. Nxb4 Bxb5 38. a7 Bxa7 39. Rxa7 Rfc8 40. Rxc8+ Rxc8
41. Ra8 Rxa8 42. Bxa8 Kg7 43. Bc6 Bc4 44. Bd5 Bb5 45. Nc2 f5 46. exf5 gxf5 47.
Ne3 Kf6 48. f3 h5 49. Kf2 Bd3 50. Nc4 f4 51. h4 Bf5 52. Nd6 Bd3 53. Be4 Ba6 54.
g4 fxg3+ 55. Kxg3 Be2 56. Nf5 Bc4 57. Kf2 Bf7 58. Ke3 Be8 59. Ng3 Bf7 60. Kd3
Ke7 61. Kc3 Kd6 62. Kb4 Kd7 63. Kc5 Ke7 64. Bf5 Be8 65. Kd5 Kf6 66. Be4 Bf7+ 67.
Kd6 Be8 68. Bc6 Bf7 69. Bd7 {Black resigns} 1-0

[Event "Team 45 45 League T61"]
[Site "Internet Chess Club"]
[Date "2014.06.27"]
[Round "5"]
[White "M-Ezat"]
[Black "Barrett-CCSCSL"]
[Result "1/2-1/2"]
[WhiteElo "2234"]
[BlackElo "2121"]
[Opening "Queen's pawn game"]
[ECO "D04"]
[Time "17:40:25"]
[TimeControl "2700+45"]

1. d4 d5 2. Nf3 Nf6 3. e3 Bg4 4. c4 Bxf3 5. Qxf3 c6 6. Nc3 e6 7. g4 Bb4 8. Bd3
Nbd7 9. g5 Ne4 10. Bxe4 dxe4 11. Qg4 Bxc3+ 12. bxc3 Qa5 13. Bd2 Qf5 {Game drawn
by mutual agreement} 1/2-1/2

[Event "Team 45 45 League T61"]
[Site "Internet Chess Club"]
[Date "2014.06.28"]
[Round "5"]
[White "Pomberito"]
[Black "M-Abotreka"]
[Result "1-0"]
[WhiteElo "2133"]
[BlackElo "1988"]
[Opening "Caro-Kann: Panov-Botvinnik attack, 5...g6"]
[ECO "B14"]
[Time "13:06:36"]
[TimeControl "2700+45"]

1. e4 c6 2. d4 d5 3. exd5 cxd5 4. c4 Nf6 5. Nc3 g6 6. cxd5 Nxd5 7. Nf3 Bg7 8.
Qa4+ Nc6 9. Bb5 O-O 10. Bxc6 bxc6 11. Qxc6 Nb4 12. Qxa8 Nc2+ 13. Kd1 Nxa1 14.
Qxa7 Bg4 15. Be3 e5 16. Ke2 exd4 17. Rxa1 dxc3 18. bxc3 Bxc3 19. Rd1 Qh4 20. Qc5
Qxh2 21. Qxc3 Qxg2 22. Qf6 Re8 23. Rd4 h5 24. Rf4 Be6 25. Ng5 Bg4+ 26. Nf3 Be6
27. Bd4 Bf5+ 28. Kd2 Kf8 29. Qg7+ Ke7 30. Qe5+ Kf8 {Black resigns} 1-0

[Event "Team 45 45 League T61"]
[Site "Internet Chess Club"]
[Date "2014.06.27"]
[Round "5"]
[White "AmrSobh"]
[Black "BigH"]
[Result "1-0"]
[WhiteElo "2206"]
[BlackElo "2051"]
[Opening "QGD Slav defense"]
[ECO "D10"]
[Time "14:11:09"]
[TimeControl "2700+45"]

1. d4 d5 2. c4 c6 3. Nc3 Nf6 4. e3 a6 5. Nf3 Bf5 6. Bd2 g6 7. cxd5 cxd5 8. Qb3
Ra7 9. Ne5 Bg7 10. Be2 O-O 11. O-O Nc6 12. Nxc6 bxc6 13. f3 Qa8 14. Na4 Nd7 15.
g4 Be6 16. Qa3 Rb8 17. b3 Bf8 18. Ba5 f6 19. Rac1 Bf7 20. Rc2 e5 21. Qc1 Bh6 22.
f4 Re8 23. Rxc6 Kg7 24. g5 fxg5 25. fxe5 g4 26. Rd6 Be6 27. Bd2 Kg8 28. Qc6 Qxc6
29. Rxc6 Nb8 30. Rb6 Rc7 31. Nc5 Bf5 32. Rxf5 Bxe3+ 33. Bxe3 gxf5 34. Rd6 Nc6
35. Rxd5 Nb4 36. Rd6 Nxa2 37. Bc4+ Kh8 38. Bg5 h5 39. Rh6+ Kg7 40. Ne6+ Rxe6 41.
Rxe6 Nc3 42. Bf6+ Kf8 43. Rxa6 {Black resigns} 1-0

[Event "Team 45 45 League T61"]
[Site "Internet Chess Club"]
[Date "2014.06.28"]
[Round "5"]
[White "CHENENE"]
[Black "egyptiantiger"]
[Result "0-1"]
[WhiteElo "1619"]
[BlackElo "2008"]
[Opening "King's Indian: orthodox, Aronin-Taimanov, bayonet attack"]
[ECO "E97"]
[Time "17:11:22"]
[TimeControl "2700+45"]

1. d4 Nf6 2. c4 g6 3. Nc3 Bg7 4. e4 d6 5. Nf3 O-O 6. Be2 e5 7. O-O Nc6 8. d5 Ne7
9. b4 Nh5 10. Re1 f5 11. Qd3 h6 12. Rb1 f4 13. c5 Nf6 14. h3 g5 15. Nd2 Ng6 16.
Nc4 Rf7 17. a4 h5 18. cxd6 cxd6 19. Bd2 g4 20. hxg4 hxg4 21. Bf1 Nh4 22. Rec1
Nh5 23. Rb3 Bf8 24. Nb5 a6 25. Nba3 Qg5 26. Qe2 Nf3+ 27. Rxf3 gxf3 28. Qxf3 Bg4
29. Qd3 Qh4 30. f3 Bd7 31. Nb6 Rd8 32. Rc7 Be8 33. Rxf7 Bxf7 34. Nac4 Be7 35. g4
fxg3 36. Bg2 Bg5 37. Kf1 Bxd2 38. Qxd2 Nf4 39. Ne3 Bh5 40. Nf5 Qh2 41. Nc4 b5
42. axb5 axb5 43. Ncxd6 Bxf3 {White resigns} 0-1

[Event "Team 45 45 League T61"]
[Site "Internet Chess Club"]
[Date "2014.06.25"]
[Round "5"]
[White "xwang1"]
[Black "NFork"]
[Result "1/2-1/2"]
[WhiteElo "1996"]
[BlackElo "2174"]
[Opening "French: Tarrasch, open variation"]
[ECO "C07"]
[Time "15:31:24"]
[TimeControl "2700+45"]

1. e4 e6 2. d4 d5 3. Nd2 c5 4. Ngf3 cxd4 5. Nxd4 Nc6 6. Nxc6 bxc6 7. Bd3 Nf6 8.
O-O Bc5 9. e5 Nd7 10. Nf3 Qb6 11. Qe2 a5 12. c4 Ba6 13. Bf4 h6 14. b3 g5 15. Bg3
Be7 16. cxd5 cxd5 17. Bxa6 Qxa6 18. Qxa6 Rxa6 19. Rac1 Bc5 20. h4 gxh4 21. Bxh4
O-O 22. Rc2 Rc8 23. Rfc1 Kf8 24. Kf1 Rb6 25. Ne1 Rbc6 26. Nd3 R6c7 27. f4 Bb6
28. Rxc7 Rxc7 29. Rxc7 Bxc7 30. Bf2 f6 31. exf6 Nxf6 32. Ke2 Ne4 33. Be1 h5 34.
Ne5 Nc5 35. b4 Nb7 36. bxa5 Bxa5 37. Bxa5 Nxa5 38. Ke3 Ke7 39. Kd4 Kf6 40. a4
Kf5 41. g3 h4 42. gxh4 Kxf4 43. Ng6+ Kf5 44. h5 Nb3+ 45. Kc3 Nc5 46. a5 d4+ 47.
Kxd4 {Game drawn by mutual agreement} 1/2-1/2

[Event "Team 45 45 League T61"]
[Site "Internet Chess Club"]
[Date "2014.06.26"]
[Round "5"]
[White "chess9793"]
[Black "gump12345"]
[Result "1/2-1/2"]
[WhiteElo "2071"]
[BlackElo "2015"]
[Opening "Sicilian: Kan, Polugaievsky variation"]
[ECO "B42"]
[Time "16:02:40"]
[TimeControl "2700+45"]

1. e4 c5 2. Nf3 e6 3. d4 cxd4 4. Nxd4 a6 5. Bd3 Bc5 6. Nb3 Ba7 7. a4 Ne7 8. Nc3
O-O 9. O-O Nbc6 10. Bf4 d5 11. Qh5 d4 12. Ne2 Ng6 13. e5 f6 14. exf6 Qxf6 15.
Bg5 Qf7 16. Nf4 Nce5 17. Be4 Bd7 18. Bxb7 Rab8 19. Be4 Bc6 20. Bxc6 Nxc6 21.
Nxg6 hxg6 22. Qe2 Nb4 23. Nxd4 Bxd4 24. c3 Bxf2+ 25. Rxf2 Qxf2+ 26. Qxf2 Rxf2
27. Kxf2 Nd3+ 28. Ke2 Nxb2 29. Rb1 Rb3 30. Bc1 Nd3 31. Ra1 Rxc3 32. Be3 Nb4 33.
Bd2 Rc2 34. Kd1 Rb2 35. Rc1 Kf7 36. Rc7+ Kf8 37. Ra7 Rb1+ 38. Ke2 Rb2 39. h4 e5
40. a5 e4 41. Rb7 Nd3 42. Rxb2 Nxb2 43. Bb4+ Kf7 44. Ke3 Nd3 45. Bc3 Nc5 46. Bd4
Nb7 47. Bc3 Nc5 48. Bb4 Nd3 49. Bc3 Nc5 {Game drawn by repetition} 1/2-1/2

[Event "Team 45 45 League T61"]
[Site "Internet Chess Club"]
[Date "2014.06.25"]
[Round "5"]
[White "Happybear"]
[Black "f5"]
[Result "0-1"]
[WhiteElo "1880"]
[BlackElo "2133"]
[Opening "Sicilian: closed, 6.Be3"]
[ECO "B26"]
[Time "22:00:37"]
[TimeControl "2700+45"]

1. e4 c5 2. Nc3 Nc6 3. g3 g6 4. Bg2 Bg7 5. d3 d6 6. Be3 Rb8 7. Nge2 b5 8. Qd2 b4
9. Nd1 a5 10. O-O h5 11. h3 Bd7 12. f4 Qc8 13. Kh2 e6 14. Ng1 a4 15. Nf3 Nge7
16. Nh4 a3 17. Rb1 O-O 18. g4 hxg4 19. hxg4 Nd4 20. bxa3 bxa3 21. Rxb8 Qxb8 22.
c3 Ndc6 23. f5 Ne5 24. Bh3 f6 25. fxg6 N5xg6 26. Nf3 d5+ 27. Kg2 dxe4 28. dxe4
Bb5 29. Rh1 Rd8 30. Qc1 Be2 31. Nf2 Nc6 32. Re1 Bxf3+ 33. Kxf3 Nce5+ 34. Kg2
Nh4+ 35. Kh1 Nef3 36. Bf4 e5 37. Be3 Nxe1 38. Qxe1 Nf3 39. Qe2 Qb1+ 40. Kg2 Ne1+
41. Kg3 Nd3 42. Bf1 c4 43. Qd2 Qxf1 {White resigns} 0-1